 Dungeon Crawl Stone Soup version 0.23.1 (webtiles) character file.

Game seed: 0

10226 Arex the Fighter (level 11, 0/83 HPs)
             Began as an Octopode Fighter on Mar 9, 2019.
             Was an Initiate of Gozag.
             Slain by a yak (13 damage)
             ... on level 2 of the Lair of Beasts.
             The game lasted 00:28:55 (13391 turns).

Arex the Fighter (Octopode Fighter)                Turns: 13391, Time: 00:28:57

Health: 0/83       AC:  1    Str: 22    XL:     11   Next: 58%
Magic:  23/23      EV: 15    Int: 11    God:    Gozag
Gold:   296        SH: 12    Dex: 17    Spells: 10/10 levels left

rFire    + . .     SeeInvis .     - Unarmed
rCold    x . .     Gourm    .   z - +0 shield {rPois}
rNeg     + . .     Faith    .   (helmet restricted)
rPois    +         Spirit   .   (no amulet)
rElec    .         Reflect  .   l - ring of resist corrosion
rCorr    +         Harm     .   m - ring of magical power
MR       .....                  k - ring of fire
Stlth    +++.......             n - ring of Charity {rN+ Str+5 Dex+4}
HPRegen  0.23/turn              (no ring)
MPRegen  0.18/turn              (no ring)
                                (no ring)
                                (no ring)

@: gold aura
A: almost no armour, stealthy swim, amphibious, 8 rings, constrict 8, camouflage
1, gelatinous body 1
a: Potion Petition, Call Merchant, Bribe Branch, Renounce Religion


You were on level 2 of the Lair of Beasts.
You worshipped Gozag.
Gozag was aware of your devotion.
You were not hungry.

You visited 3 branches of the dungeon, and saw 14 of its levels.
You also visited: Sewer.

You collected 2068 gold pieces.
You spent 827 gold pieces at shops.
You paid 945 gold pieces to Gozag.

Inventory:

Hand Weapons
 y - a +0 giant club
Armour
 a - a +1 shield
 z - a +0 shield of poison resistance (worn)
Jewellery
 k - a ring of fire (on tentacle)
 l - a ring of resist corrosion (left tentacle)
 m - a ring of magical power (right tentacle)
 n - the ring of Charity (on tentacle) {rN+ Str+5 Dex+4}
   (You bought it in a shop on level 6 of the Dungeon)

   [ring of dexterity]

   It affects your strength (+5).
   It affects your dexterity (+4).
   It protects you from negative energy.
Wands
 g - a wand of paralysis (11)
 o - a wand of flame (8)
 r - a wand of disintegration (6)
 x - a wand of enslavement (9)
 C - a wand of iceblast (4)
Scrolls
 b - a scroll of blinking
 h - 10 scrolls of remove curse
 i - 6 scrolls of teleportation
 j - 4 scrolls of enchant weapon
 p - 4 scrolls of amnesia
 s - 3 scrolls of fear
 u - a scroll of fog
 A - 2 scrolls of identify
 D - a scroll of holy word {unknown}
Potions
 d - 4 potions of brilliance
 e - 3 potions of curing
 f - a potion of mutation
 q - 3 potions of flight
 t - a potion of resistance
 v - 3 potions of magic
 w - 3 potions of lignification
 B - 2 potions of agility
Comestibles
 c - 10 rations


   Skills:
 + Level 11.3 Fighting
 - Level 5.0 Dodging
 - Level 8.2 Shields
 + Level 10.4 Unarmed Combat
 - Level 5.1 Evocations


You had 10 spell levels left.
You didn't know any spells.
Your spell library contained the following spells:

 Spells                   Type           Power        Failure   Level  Hunger
 Animate Skeleton         Necr           N/A          63%         1    ##.....
 Pain                     Necr           #...         63%         1    ##.....
 Regeneration             Chrm/Necr      #.........   94%         3    ####...
 Vampiric Draining        Necr           #.........   94%         3    ####...
 Animate Dead             Necr           N/A          100%        4    #####..


Dungeon Overview and Level Annotations

Branches:
Dungeon (10/15)            Temple (1/1) D:4            Lair (3/6) D:8
 Spider (0/4) Lair:2
  Swamp: Lair:2-4    Shoals: Lair:2-4       Orc: D:9-12

Altars:
Ashenzari
Cheibriados
Dithmenos
Elyvilon
Fedhas
Gozag
Hepliaklqana
Kikubaaqudgha
Makhleb
Nemelex Xobeh
Qazlal
Ru
Sif Muna
Trog
Uskayaw
Vehumet
Wu Jian
Xom
Yredelemnul
Zin
The Shining One

Shops:
D:6 =


Innate Abilities, Weirdness & Mutations

You cannot wear most types of armour.
You are very stealthy in the water. (Stealth+)
You are amphibious.
You can wear up to eight rings at the same time.
You can use your tentacles to constrict eight enemies at once.
Your skin changes colour to match your surroundings (Stealth+).
Your rubbery body absorbs attacks. (AC +1, EV +1)


Message History

The yak closely misses you. The porcupine bites you!
* * * LOW HITPOINT WARNING * * *
You see here 18 gold pieces.
You feel better. You block the yak's attack.
You feel better. The yak misses you.
You bludgeon the yak!
Your tentacle-slap misses the yak.
The yak is lightly wounded.
The yak gores you!
* * * LOW HITPOINT WARNING * * *
You tentacle-slap the yak. You squeeze the yak!
The yak is heavily wounded.
The yak gores you.
* * * LOW HITPOINT WARNING * * *
You barely miss the yak.
You tentacle-slap the yak, but do no damage.
Your squeeze misses the yak.
The yak is heavily wounded.
The yak gores you!
You die...
Your body crumbles into a pile of gold.

###.#.# ###.PP#...#.#
####..####.#.........#
.#.#..#..#........P.##
...............#.###.##
.###......[......# ##.#
.##...##.##....### ##.#
......###.#..###.# #..#
..#....###..#.##.######
......P.......##@.#.#
#...........##YY##..#
#...........##.r#####
#.......##....##...#
........#...#.##.#.#
..............##.P.##
........P###..##....#
........####...###<##
........# #.....#.##


You could see 2 yaks and a porcupine.

Vanquished Creatures
  A hydra (Lair:2)
  A death yak (D:8)
  A spiny frog (Lair:2)
  4 hippogriffs
  2 redbacks (Lair:2)
  11 yaks
  A wyvern (D:9)
  A steam dragon (D:9)
  6 water moccasins
  3 porcupines
  2 sky beasts
  An eye of draining (D:8)
  A black bear (D:6)
  2 orc warriors
  2 ice beasts (D:9)
  4 ogres
  2 phantoms
  3 centaurs
  4 crocodiles
  Blork the orc (D:5)
  2 big kobolds (Sewer)
  8 bullfrogs
  4 scorpions
  8 wights
  6 killer bees (D:9)
  6 crimson imps
  A centaur zombie (D:9)
  A quasit (D:7)
  A bullfrog skeleton (D:8)
  4 jellies
  2 bullfrog zombies
  3 centaur skeletons (D:7)
  Crazy Yiuf (D:3)
  2 orc priests
  A hound (D:2)
  Ijyb (D:3)
  An iguana (D:7)
  6 orc wizards
  2 hell rats (D:8)
  7 worker ants
  3 hound skeletons
  16 adders
  5 river rats
  2 shadow imps
  An ooze (D:3)
  2 adder skeletons
  3 adder zombies
  3 worms
  5 dart slugs
  4 leopard geckos
  30 orcs
  5 giant cockroaches
  7 goblins
  13 hobgoblins
  5 jackals
  6 quokkas
  6 ball pythons
  5 bats
  8 frilled lizards
  14 kobolds
  2 quokka skeletons
  A quokka zombie (D:5)
  9 rats
275 creatures vanquished.

Notes
Turn   | Place    | Note
-------+----------+-------------------------------------------
     0 | D:1      | Arex the Octopode Fighter began the quest for the Orb.
     0 | D:1      | Reached XP level 1. HP: 16/16 MP: 1/1
    27 | D:1      | Reached XP level 2. HP: 17/21 MP: 2/2
   264 | D:1      | Reached XP level 3. HP: 23/26 MP: 3/3
   531 | D:2      | Reached XP level 4. HP: 32/33 MP: 4/4
   536 | D:2      | Reached skill level 4 in Fighting
   730 | D:2      | Reached XP level 5. HP: 29/38 MP: 5/5
  1235 | D:3      | Found a runed translucent door.
  1236 | D:3      | Noticed Crazy Yiuf
  1315 | D:3      | Found a sparkling altar of Nemelex Xobeh.
  1344 | D:3      | Noticed Ijyb
  1357 | D:3      | Killed Ijyb
  1645 | D:3      | Killed Crazy Yiuf
  1645 | D:3      | Reached skill level 5 in Fighting
  1645 | D:3      | Reached XP level 6. HP: 23/45 MP: 6/6
  1954 | D:4      | Found a faded altar of an unknown god.
  1954 | D:4      | Found a faded altar of an unknown god.
  1959 | D:4      | Found a deep blue altar of Sif Muna.
  1961 | D:4      | Found a stormy altar of Qazlal.
  1963 | D:4      | Found a white marble altar of Elyvilon.
  2084 | D:4      | Found a staircase to the Ecumenical Temple.
  2093 | Temple   | Entered the Ecumenical Temple
  2168 | Temple   | Became a worshipper of Gozag Ym Sagoz the Greedy
  2419 | D:5      | Entered Level 5 of the Dungeon
  2438 | D:5      | Noticed Blork the orc
  2444 | D:5      | Killed Blork the orc
  2545 | D:5      | Found a glowing drain.
  2568 | Sewer    | Entered a sewer
  2616 | Sewer    | Reached XP level 7. HP: 51/51 MP: 7/7
  2724 | Sewer    | Reached skill level 6 in Fighting
  3053 | D:5      | Reached skill level 5 in Dodging
  3073 | D:5      | Reached skill level 1 in Evocations
  3325 | D:5      | Found a shadowy altar of Dithmenos.
  3369 | D:5      | Reached XP level 8. HP: 46/58 MP: 10/10
  3699 | D:5      | Found a shimmering altar of Xom.
  3846 | D:5      | Reached skill level 5 in Evocations
  4203 | D:6      | Reached skill level 7 in Fighting
  4203 | D:6      | Reached skill level 5 in Unarmed Combat
  4341 | D:6      | Noticed a yak
  4341 | D:6      | Noticed a yak
  4341 | D:6      | Noticed a yak
  4373 | D:6      | Noticed a yak
  4375 | D:6      | Killed a yak
  4381 | D:6      | Killed a yak
  4381 | D:6      | Reached XP level 9. HP: 30/65 MP: 12/12
  4687 | D:6      | Found a shadowy altar of Dithmenos.
  4703 | D:6      | Reached skill level 8 in Fighting
  5825 | D:6      | Reached skill level 9 in Fighting
  6602 | D:8      | Found a shattered altar of Ashenzari.
  6692 | D:8      | Reached XP level 10. HP: 40/74 MP: 13/13
  6905 | D:8      | Found a hide-covered altar of Uskayaw.
  6956 | D:8      | Reached skill level 5 in Shields
  6977 | D:8      | Found a snail-covered altar of Cheibriados.
  7291 | D:8      | Found a staircase to the Lair.
  7291 | D:8      | Noticed a death yak
  7291 | D:8      | Noticed a death yak
  7292 | D:8      | Noticed a death yak
  7524 | D:8      | Found a radiant altar of Vehumet.
  7727 | D:8      | Killed a death yak
  8208 | D:9      | HP: 1/74 [hippogriff (3)]
  8884 | D:9      | Found a radiant altar of Vehumet.
  9547 | D:9      | HP: 3/76 [orc warrior/+0 halberd (14)]
  9589 | D:8      | Found a burning altar of Makhleb.
  9892 | D:9      | Reached skill level 10 in Fighting
 10236 | D:9      | Reached XP level 11. HP: 67/81 MP: 14/14
 10710 | D:10     | Entered Level 10 of the Dungeon
 11144 | Lair:1   | Entered Level 1 of the Lair of Beasts
 11387 | Lair:1   | Noticed an eight-headed hydra
 11798 | D:6      | Bought the ring of Charity {rN+ Str+5 Dex+4} for 827 gold
                  | pieces
 12185 | Lair:2   | Found a hole to the Spider Nest.
 12268 | Lair:2   | Reached skill level 10 in Unarmed Combat
 12521 | Lair:2   | Reached skill level 11 in Fighting
 12560 | Lair:2   | Noticed a six-headed hydra
 12566 | Lair:2   | Killed a six-headed hydra
 13085 | Lair:2   | HP: 4/83 [yak (14)]
 13391 | Lair:2   | Slain by a yak

Skill      XL: |  1  2  3  4  5  6  7  8  9 10 11 |
---------------+----------------------------------+-----
Fighting       | 4 5 6 7 9 10 11 | 11.3
Unarmed Combat | 3 4 6 8 9 10 | 10.4
Dodging        | 4 5 |  5.0
Evocations     | 3 5 |  5.1
Shields        | 4 8 |  8.2

Action                   |  1- 3 |  4- 6 |  7- 9 | 10-12 || total
-------------------------+-------+-------+-------+-------++-------
Melee: Unarmed           |    70 |   144 |   315 |   340 ||   869
       Constrict         |    24 |    44 |    60 |    46 ||   174
       Tentacles         |    17 |    40 |    80 |    85 ||   222
       Punch             |     1 |     2 |    13 |    25 ||    41
Invok: Potion Petition   |       |       |     1 |     1 ||     2
       Call Merchant     |       |       |     1 |       ||     1
Evoke: Wand              |       |       |     6 |     8 ||    14
  Use: Scroll            |       |     9 |     9 |     3 ||    21
       Potion            |       |       |     3 |     8 ||    11
 Stab: Sleeping          |     3 |     9 |     4 |     7 ||    23
       Invisible         |       |       |     4 |       ||     4
       Distracted        |       |       |       |     1 ||     1
  Eat: Chunk             |       |     3 |       |       ||     3
       Ration            |       |     1 |     4 |     6 ||    11
Armor: Skin              |     4 |     3 |     8 |     4 ||    19
Dodge: Dodged            |    22 |    51 |    99 |   134 ||   306
Block: Shield            |    18 |    48 |   131 |   147 ||   344
